 Dungeon Crawl Stone Soup version 0.23-a0-108-gf7ee2ed (webtiles) character file.

21 lalalala the Stinger (level 2, 0/20 HPs)
             Began as a Draconian Venom Mage on Aug 21, 2018.
             Slain by a worm (9 damage)
             ... on level 2 of the Dungeon.
             The game lasted 00:07:45 (510 turns).

lalalala the Stinger (Draconian Venom Mage)          Turns: 510, Time: 00:07:46

Health: 0/20       AC:  4    Str: 10    XL:     2   Next: 65%
Magic:  5/5        EV: 12    Int: 15    God:
Gold:   37         SH:  0    Dex: 11    Spells: 2/5 levels left

rFire    . . .     SeeInvis .   c - +0 mace
rCold    . . .     Gourm    .   (no shield)
rNeg     . . .     Faith    .   (armour unavailable)
rPois    .         Spirit   .   (helmet restricted)
rElec    .         Reflect  .   (no cloak)
rCorr    .         Harm     .   (no gloves)
MR       .....                  (no boots)
Stlth    ++........             (no amulet)
HPRegen  0.06/turn              (no ring)
MPRegen  0.09/turn              (no ring)

@: no status effects
A: unfitting armour, cold-blooded, AC +4
a: no special abilities


You were on level 2 of the Dungeon.
You were not hungry.

You visited 1 branch of the dungeon, and saw 2 of its levels.

You collected 37 gold pieces.

Inventory:

Hand Weapons
 c - a +0 mace (weapon)
Missiles
 d - 17 bolts (quivered)
Armour
 f - a +0 scale mail
Scrolls
 e - a scroll of immolation
 g - a scroll of remove curse
 i - a scroll of identify
 j - a scroll of noise
Comestibles
 a - a chunk of flesh
 b - 3 rations


   Skills:
 + Level 0.2 Fighting
 + Level 0.7 Maces & Flails
 + Level 2.2 Dodging
 + Level 1.8 Stealth
 + Level 2.3 Spellcasting
 + Level 1.0 Conjurations
 + Level 3.0 Poison Magic


You had 2 spell levels left.
You knew the following spells:

 Your Spells              Type           Power        Failure   Level  Hunger
a - Sting                 Conj/Pois      #...         10%         1    #......
b - Poisonous Vapours     Pois/Air       #.....       17%         2    ###....

Your spell library contained the following spells:

 Spells                   Type           Power        Failure   Level  Hunger
 Mephitic Cloud           Conj/Pois/Air  #.......     36%         3    ###....
 Olgreb's Toxic Radiance  Pois           ##......     52%         4    #####..
 Venom Bolt               Conj/Pois      #.........   95%         5    ######.


Dungeon Overview and Level Annotations

Branches:
Dungeon (2/15)

Altars:


Innate Abilities, Weirdness & Mutations

Your plain brown scales are hard. (AC +4)
You cannot fit into any form of body armour.
You are cold-blooded and may be slowed by cold attacks.


Message History

Confirm with . or Enter, or press ? or * to list all spells.
Aiming: Sting (safe; 10% risk of failure)
Press: ? - help, Shift-Dir - straight line, f/p - worm
Aim: a worm (lightly wounded)
The sting hits the worm.
The worm is moderately wounded.
There is a stone staircase leading down here.
You hit the rat.
You kill the rat!
You hit the worm.
The worm is moderately wounded.
The worm bites you.
You hit the worm.
The worm is heavily wounded.
The worm barely misses you.
Your magical contamination has completely faded away.
You hit the worm.
The worm is severely wounded.
The worm bites you!
You die...

#. #.# #. ..# .# #
#.##.# .# .# #..#w#
.#+#.# #.r#.# .....#
#....# .....#
#####.#..# ....#
........>########....#
#####........w@......#
..............<###...#
################ ..#
.# #


You could see a worm.

Vanquished Creatures
  A dart slug (D:1)
  A leopard gecko (D:2)
  A giant cockroach (D:1)
  3 goblins (D:1)
  3 hobgoblins (D:1)
  A kobold (D:1)
  2 bats (D:1)
  5 rats
17 creatures vanquished.

Notes
Turn   | Place    | Note
-------+----------+-------------------------------------------
     0 | D:1      | lalalala the Draconian Venom Mage began the quest for the Orb.
     0 | D:1      | Reached XP level 1. HP: 14/14 MP: 3/3
   188 | D:1      | Reached XP level 2. HP: 18/20 MP: 5/5
   198 | D:1      | Learned a level 2 spell: Poisonous Vapours
   510 | D:2      | Slain by a worm

Vault maps used:
D:1:      saegor_arrival_miasma
D:2:      uniq_jessica, uniq_robin

Skill      XL: |  1 |
---------------+----+-----
Dodging        | 2 |  2.2
Fighting       | |  0.2
Maces & Flails | |  0.7
Stealth        | |  1.8
Spellcasting   | |  2.3
Conjurations   | |  1.0
Poison Magic   | |  3.0

Action                   || total
-------------------------++-------
Melee: Mace              ||    37
       Unarmed           ||    11
       Tailslap          ||     5
 Cast: Sting             ||     3
       Poisonous Vapours ||     1
  Use: Scroll            ||     5
Armor: Skin              ||    12
Dodge: Dodged            ||    29

Table legend:
 A = Non-vault XP
 B = Vault XP
 C = Vault XP percentage of total XP
 D = Non-vault monster count
 E = Vault monster count
 F = Vault count percentage of total count
                 A         B        C        D         E       F
            +---------+---------+-------+---------+---------+-------
      Total |      31 |       0 |   0.0 |      17 |       0 |   0.0
            +---------+---------+-------+---------+---------+-------
        D:1 |      27 |       0 |   0.0 |      15 |       0 |   0.0
        D:2 |       4 |       0 |   0.0 |       2 |       0 |   0.0
            +---------+---------+-------+---------+---------+-------
